 Dungeon Sprint DCSS version 0.17-a0-1570-g74b7129 (webtiles) character file.

0 nuthulu the Ruffian (level 2, 0/26 HPs)
             Began as a Ghoul Monk on July 23, 2015.
             Was a Believer of Makhleb.
             Slain by Sigmund
             ... wielding a +0 scythe
              (13 damage)
             ... in the Dungeon (Sprint VI: "Thunderdome").
             The game lasted 00:00:40 (65 turns).

nuthulu the Ruffian (Ghoul Monk)                      Turns: 65, Time: 00:00:40

Health: 0/26       AC:  4    Str: 27    XL:     2   Next: 0%
Magic:  4/10       EV: 13    Int:  5    God:    Makhleb [**....]
Gold:   65         SH:  0    Dex: 15    Spells: 0 memorised, 1 level left

rFire  . . .     SeeInvis .       - Unarmed
rCold  + . .     Clarity  .     a - +0 robe
rNeg   + + +     SustAt   .     (no shield)
rPois  ∞         Gourm    .     (no helmet)
rElec  .         Spirit   .     (no cloak)
rCorr  +         Warding  .     (no gloves)
rMut   .         NoTele   +     (no boots)
MR     .....                    o - amulet "Gaveafut" {rCorr rN+ Str+3 Dex-3}
Stlth  +.........               n - ring "Olainn" {AC+2 Dex+7}
                                m - ring "Geffoj" {rN+ MP+9 Str+10}

@: confused, very slightly contaminated, rotting, hasted, very quick, not
resistant to hostile enchantments, very unstealthy
A: rotting body, claws 1, carnivore 3, cold resistance 1, negative energy
resistance 3, slow healing 1, torment resistance, unbreathing
a: Minor Destruction, Renounce Religion


You were in the Dungeon.
You worshipped Makhleb.
Makhleb was pleased with you.
You were not hungry.

You visited 1 branch You collected 200 gold pieces.
You spent 135 gold pieces at shops.

Inventory:

Armour
 a - a +0 robe (worn)
Jewellery
 m - the ring "Geffoj" (left claw) {rN+ MP+9 Str+10}
   (You bought it in a shop in the Dungeon)

   [ring of magical power]

   It affects your strength (+10).
   It protects you from negative energy.
   It affects your magic capacity (+9).
 n - the ring "Olainn" (right claw) {AC+2 Dex+7}
   (You bought it in a shop in the Dungeon)

   [ring of protection]

   It affects your AC (+2).
   It affects your dexterity (+7).
 o - the amulet "Gaveafut" (around neck) {rCorr rN+ Str+3 Dex-3}
   (You bought it in a shop in the Dungeon)

   [amulet of resist corrosion]

   It protects you from acid and corrosion.
   It affects your strength (+3).
   It affects your dexterity (-3).
   It protects you from negative energy.
Magical devices
 i - a wand of cold (5)
 j - a wand of fire (5)
Scrolls
 h - 4 scrolls of blinking
 k - 3 scrolls of fog
Potions
 c - a potion of curing
 d - 3 potions of heal wounds
 e - 3 potions of haste
 f - 2 potions of magic
 g - a potion of berserk rage
 l - a potion of resistance
Comestibles
 b - a meat ration


   Skills:
 + Level 3.6 Fighting
 + Level 3.1 Dodging
 - Level 2.2 Stealth
 + Level 5.5 Unarmed Combat


You had one spell level left.
You didn't know any spells.

Dungeon Overview and Level Annotations

Branches:
Dungeon (1/1)

Altars:
Cheibriados
Dithmenos
Gozag
Kikubaaqudgha
Makhleb
Qazlal
Sif Muna
Vehumet
Xom
Yredelemnul
The Shining One
Lugonu

Shops:
D *[%??*?*:[((

Annotations:
D Sigmund


Innate Abilities, Weirdness & Mutations

Your body is rotting away.
You thrive on raw meat.
You are immune to poison.
You have sharp fingernails.
You are carnivorous and can eat meat at any time.
Your flesh is cold resistant.
You are immune to negative energy.
You heal slowly when monsters are visible.
You are immune to unholy pain and torment.
You can survive without breathing.


Message History

Drink which item? (? for menu, Esc to quit)
You feel yourself speed up. Something hits you.
You are very lightly contaminated with residual magic.
You closely miss something. You closely miss something. Something hits you.
You miss something. You miss something. You claw something!
You hear some strange, mumbled words.
You are confused.
You miss something.
You hear some strange, mumbled words.
A puff of flame appears from out of thin air!
The puff of flame hits you!
You're too confused to move!
You bump into the rock wall.
Something barely misses you.
You miss something. Something hits you!
Ouch! That really hurt!
You die...

##.....## ##∩.....∩##
#∩.......∩# #_......._#
#........_# #_.†....._#
###.........###
#⌠...........⌠#
######.8...@.....8.#
##∩__.......###......
###∩........8{# .8...
##.............###.....
#⌠..........###...# .
#⌠..........# #.<.#
#⌠..........###...#
##.............###.....
###∩........8.# .8...


There were no monsters in sight!

Vanquished Creatures
  An ooze (D)
  A giant cockroach (D)
2 creatures vanquished.

Notes
Turn   | Place    | Note
--------------------------------------------------------------
     0 | D        | nuthulu the Ghoul Monk began the quest for the Orb.
     0 | D        | Reached XP level 1. HP: 19/19 MP: 0/0
     1 | D        | Found a corrupted altar of Lugonu.
     2 | D        | Found an opulent altar of Gozag.
     3 | D        | Found a basalt altar of Yredelemnul.
     3 | D        | Found a shadowy altar of Dithmenos.
     4 | D        | Found a snail-covered altar of Cheibriados.
     4 | D        | Found Hoabliyt's Premium Goods.
     4 | D        | Found Heloh's Weapon Rack.
     5 | D        | Found Feribu's Miscellaneous Merchandise.
     5 | D        | Found Eviom's Basic Armour.
     5 | D        | Round 1.
     8 | D        | Found Toec's Identification Station.
     9 | D        | Found Ryqaor's Advanced Armour.
     9 | D        | Found Ixopn's Jewellery.
     9 | D        | Found a burning altar of Makhleb.
     9 | D        | Found a shimmering altar of Xom.
     9 | D        | Found Beet's Bee Food.
    13 | D        | Found a glowing golden altar of the Shining One.
    17 | D        | Became a worshipper of Makhleb the Destroyer
    17 | D        | Acquired Makhleb's first power
    17 | D        | Acquired Makhleb's second power
    20 | D        | Reached skill level 5 in Unarmed Combat
    24 | D        | Bought a smoking wooden ring for 45 gold pieces
    24 | D        | Bought a pitted iron ring for 45 gold pieces
    24 | D        | Bought a smoking emerald amulet for 45 gold pieces
    24 | D        | Identified the ring "Geffoj" {rN+ MP+9 Str+10} (You bought it in a shop in the Dungeon)
    25 | D        | Identified the ring "Olainn" {AC+2 Dex+7} (You bought it in a shop in the Dungeon)
    26 | D        | Identified the amulet "Gaveafut" {rCorr rN+ Str+3 Dex-3} (You bought it in a shop in the Dungeon)
    41 | D        | Found an ancient bone altar of Kikubaaqudgha.
    42 | D        | Found Xoph's Magic Scroll Shop.
    43 | D        | Found a stormy altar of Qazlal.
    43 | D        | Found a deep blue altar of Sif Muna.
    43 | D        | Found a radiant altar of Vehumet.
    43 | D        | Found Juxiomyzif's Staff Store.
    43 | D        | Found Xewuwel's Magic Scroll Shop.
    43 | D        | Found Inoetete's Must-Have Magic.
    43 | D        | Noticed Sigmund
    47 | D        | Reached XP level 2. HP: 26/26 MP: 1/1
    65 | D        | Slain by Sigmund

Vault maps used:
D:        arena_sprint

Action                   || total
-------------------------++-------
Melee: Unarmed           ||    15
  Use: Potion            ||     2
